 Dungeon Crawl Stone Soup version 0.29.1-15-g9cfb28693d (webtiles) character file.

Game seed: 1270502643295611324

303 Barneous the Changer (level 6, -3/51 HPs)
             Began as a Human Wanderer on Mar 13, 2023.
             Slain by a yak (8 damage)
             ... in the Ecumenical Temple.
             The game lasted 00:11:34 (3854 turns).

Barneous the Changer (Human Wanderer)               Turns: 3854, Time: 00:11:34

Health: -3/51      AC:  4    Str: 13    XL:     6   Next: 65%
Magic:  17/18      EV: 12    Int: 16    God:
Gold:   210        SH:  0    Dex: 10    Spells: 8/9 levels left

rFire   . . .      SeeInvis .   a - +1 dagger
rCold   . . .      Faith    .   (no shield)
rNeg    . . .      Spirit   .   e - +2 robe
rPois   .          Reflect  .   (no helmet)
rElec   .          Harm     .   (no cloak)
rCorr   .          Rampage  .   (no gloves)
Will    .....      Rnd*Tele +   (no boots)
Stlth   ++........              l - amulet of magic regeneration
HPRegen 0.17/turn               j - ring of magical power
MPRegen 0.56/turn               (no ring)

@: mighty
A: robust 1, teleportitis 1
a: no special abilities


You were in the Ecumenical Temple.
You visited 2 branches of the dungeon, and saw 5 of its levels.

You collected 210 gold pieces.

Inventory:

Hand Weapons
 a - a +1 dagger (weapon)
 c - a +0 short sword
Missiles
 b - 16 poisoned darts
Armour
 e - a +2 robe (worn)
Jewellery
 f - an amulet of guardian spirit
 j - a ring of magical power (left hand)
 l - an amulet of magic regeneration (around neck)
Scrolls
 d - a scroll of identify
 i - a scroll of amnesia
 k - a scroll of blinking
Potions
 g - a potion of flight


   Skills:
 + Level 3.5 Fighting
 + Level 1.8 Short Blades
 + Level 2.8 Throwing
 + Level 1.6 Armour
 + Level 1.7 Dodging
 + Level 1.9 Stealth
 + Level 2.0 Spellcasting
 + Level 4.5 Transmutations
 + Level 1.5 Poison Magic


You had 8 spell levels left.
You knew the following spells:

 Your Spells              Type           Power      Damage    Failure   Level
a - Sting                 Tmut/Pois      44%        1d5       6%          1

Your spell library contained the following spells:

 Spells                   Type           Power      Damage    Failure   Level
 Ignite Poison            Fire/Tmut/Pois 8%         N/A       26%         3
 Tukima's Dance           Hex            1%         N/A       52%         3
 Petrify                  Tmut/Erth      8%         N/A       63%         4
 Airstrike                Air            0%         2d(1-17)  90%         4
 Passage of Golubria      Tloc           1%         N/A       90%         4
 Summon Lightning Spire   Summ/Air       1%         N/A       90%         4
 Yara's Violent Unravell  Hex/Tmut       4%         3d4       92%         5
 Lightning Bolt           Conj/Air       0%         1d11      99%         5


Dungeon Overview and Level Annotations

Branches:
Dungeon (4/15)             Temple (1/1) D:4

Altars:
Ashenzari
Makhleb
Okawaru
Qazlal
Wu Jian
Yredelemnul


Innate Abilities, Weirdness & Mutations

You are robust. (+10% HP)
You are occasionally teleported next to monsters.


Message History

Aim: a yak (83% to hit)
The sting misses the yak.
The yak gores you.
Aiming: Sting (safe; 6% risk of failure)
Press: ? - help, Q - select action, (/) - cycle Shift-Dir - straight line, f/p - yak
Aim: a yak (83% to hit)
The sting hits the yak.
The yak is poisoned.
The yak is lightly wounded.
The yak gores you!
Aiming: Sting (safe; 6% risk of failure)
Press: ? - help, Q - select action, (/) - cycle Shift-Dir - straight line, f/p - yak
Aim: a yak (lightly wounded, poisoned, 83% to hit)
The sting hits the yak.
The yak looks even sicker.
The yak is lightly wounded.
The yak gores you but does no damage.
Aiming: Sting (safe; 6% risk of failure)
Press: ? - help, Q - select action, (/) - cycle Shift-Dir - straight line, f/p - yak
Aim: a yak (moderately wounded, very poisoned, 83% to hit)
The sting hits the yak.
The yak looks even sicker.
The yak is moderately wounded.
The yak gores you!
* * * LOW HITPOINT WARNING * * *
Okay, then.
Aiming: Sting (safe; 6% risk of failure)
Press: ? - help, Q - select action, (/) - cycle Shift-Dir - straight line, f/p - yak
Aim: a yak (moderately wounded, very poisoned, 83% to hit)
The sting hits the yak.
The yak looks as sick as possible!
The yak is heavily wounded.
The yak gores you!
* * * LOW HITPOINT WARNING * * *
You feel very mighty all of a sudden. The yak closely misses you.
You are too injured to fight recklessly!
You puncture the yak!
The yak is severely wounded.
The yak misses you.
You hit the yak.
The yak is almost dead.
The yak gores you!
You die...

#######
####.....#
##........#
.......@..#
........Y.#
.⌠........#
.........##
.........#
.≈≈......#
≈≈≈..⌠..##
≈≈......#


You could see a yak (very poisoned).

Vanquished Creatures
  An ice beast (D:3)
  A scorpion (D:4)
  2 hounds (D:4)
  5 adders
  A worm (D:3)
  An orc (D:4)
  4 ball pythons
  3 bats
  4 endoplasms
  3 giant cockroaches
  5 goblins
  3 hobgoblins
  5 jackals
  3 quokkas
  3 frilled lizards (D:1)
  5 kobolds
  3 rats
52 creatures vanquished.

Notes
Turn   | Place    | Note
-------+----------+-------------------------------------------
     0 | D:1      | Barneous the Human Wanderer began the quest for the Orb.
     0 | D:1      | Barneous set off with the following items: a +0 dagger, 9
                  | poisoned darts, a potion of mutation, a potion of heal
                  | wounds, a +0 robe; and the following spell memorised:
                  | Sting; and the following spells available to memorise:
                  | Ignite Poison, Petrify.
     0 | D:1      | Reached XP level 1. HP: 18/18 MP: 2/2
     0 | D:1      | Gained mutation: You have a pair of small horns on your
                  | head. [potion of mutation]
     0 | D:1      | Gained mutation: You are somewhat resistant to further
                  | mutation. [potion of mutation]
   426 | D:1      | Reached XP level 2. HP: 24/24 MP: 1/3
  1118 | D:1      | Reached XP level 3. HP: 29/29 MP: 2/4
  1587 | D:2      | Found a faded altar of an unknown god.
  2089 | D:3      | Reached XP level 4. HP: 30/35 MP: 5/5
  2133 | D:3      | Noticed an ice beast
  2149 | D:3      | Killed an ice beast
  2150 | D:3      | Reached skill level 1 in Short Blades
  2150 | D:3      | Reached skill level 1 in Armour
  2150 | D:3      | Reached skill level 1 in Dodging
  2150 | D:3      | Reached skill level 1 in Stealth
  2150 | D:3      | Reached skill level 1 in Poison Magic
  2150 | D:3      | Reached XP level 5. HP: 10/41 MP: 2/7
  2431 | D:3      | Lost mutation: You have a pair of small horns on your head.
                  | [potion of mutation]
  2431 | D:3      | Lost mutation: You are somewhat resistant to further
                  | mutation. [potion of mutation]
  2431 | D:3      | Gained mutation: You are occasionally teleported next to
                  | monsters. [potion of mutation]
  2431 | D:3      | Gained mutation: You are robust. (+10% HP) [potion of
                  | mutation]
  2756 | D:3      | Found a stormy altar of Qazlal.
  3083 | D:3      | Found an ornate altar of the Wu Jian Council.
  3084 | D:3      | Found a basalt altar of Yredelemnul.
  3084 | D:3      | Found a broken altar of Ashenzari.
  3086 | D:3      | Found an iron altar of Okawaru.
  3239 | D:4      | Reached XP level 6. HP: 51/51 MP: 8/8
  3425 | D:4      | Found a burning altar of Makhleb.
  3832 | D:4      | Found a staircase to the Ecumenical Temple.
  3841 | D:4      | Noticed a yak
  3844 | D:4      | Noticed a yak
  3845 | Temple   | Entered the Ecumenical Temple
  3854 | Temple   | Slain by a yak

Illustrated notes

Levels and vault maps discovered:
D:1:      eino_arrival_cavern_a, layout_loops_ring, corexii_leaking_fountain
D:2:      layout_rooms, hellmonk_ecumenical_altar_blasted
D:3:      layout_rooms, mainiacjoe_overflow_small_starburst, minitemple,
          palyth_stone_intersect
D:4:      layout_cave_pools, makhleb_heckhound_becter,
          minmay_temple_entry_drinking_statues, chequers_avenue,
          chequers_decorated_corner
Temple:   nicolae_temple_superstar

Skill      XL: |  1  2  3  4  5  6 |
---------------+-------------------+-----
Short Blades   | 1 |  1.8
Armour         | 1 |  1.6
Dodging        | 1 |  1.7
Stealth        | 1 |  1.9
Poison Magic   | 1 |  1.5
Spellcasting   | 2 |  2.0
Fighting       | |  3.5
Throwing       | |  2.8
Transmutations | |  4.5

Action                   |  1- 3 |  4- 6 || total
-------------------------+-------+-------++-------
Melee: Dagger            |    73 |    87 ||   160
       Headbutt          |     7 |     4 ||    11
 Cast: Sting             |    27 |    42 ||    69
  Use: Scroll            |     6 |     3 ||     9
       Potion            |     3 |     3 ||     6
Armor: Robe              |    17 |    32 ||    49
Dodge: Dodged            |    36 |    54 ||    90
